Map: Thunderbird LE

Players

Gerald - Winner!

  • Race: Protoss Protoss
  • Spawn Location: 5:00

MilkiCow

  • Race: Terran Terran
  • Spawn Location: 11:00

Event: 2019 WCS Summer

VOD

Have the link to the VOD?

Description

Time

  • Played on: July 12, 2019, 7:17 a.m.
  • Length: 10:11

All games in this series

Show
View Real Time Build Order
Export as new Build Order

Gerald Protoss - Winner!

Build Orders: 1 Gate Expand, Phoenix Opening 

Get SALT Encoding   

  12  0:00  Probe  
  13  0:13  Probe  
  14  0:17  Pylon  
  14  0:24  Probe  
  15  0:32  Probe  
  15  0:37  Gateway  
  15  0:40  Probe  
  16  0:46  Assimilator  
  17  0:51  Probe  
  18  1:03  Probe  
  19  1:15  Probe  
  20  1:22  Nexus  
  20  1:31  Cybernetics Core  
  20  1:35  Probe  
  20  1:39  Assimilator  
  21  1:47  Probe  
  21  1:51  Pylon  
  22  1:59  Probe, Adept  
  23  2:11  Probe  
  26  2:18  Stargate  
  26  2:19  Adept  
  25  2:23  Probe  
  28  2:31  Warp Gate  
  28  2:34  Probe  
  28  2:35  Probe  
  30  2:46  Probe  
  30  2:48  Probe  
  30  2:49  Pylon  
  32  2:56  Phoenix  
  32  2:58  Probe  
  33  3:00  Probe  
  36  3:10  Probe  
  36  3:12  Probe, Phoenix  
  38  3:22  Probe  
  38  3:24  Probe  
  38  3:25  Gateway  
  42  3:29  Phoenix  
  42  3:31  Gateway  
  42  3:34  Probe  
  42  3:36  Probe  
  46  3:47  Phoenix  
  46  3:49  Probe x2  
  46  3:52  Pylon  
  48  4:01  Assimilator, Probe x2  
  50  4:03  Assimilator  
  50  4:11  Phoenix  
  50  4:13  Probe x2  
  50  4:14  Pylon  
  54  4:23  Adept x2  
  58  4:26  Adept  
  58  4:27  Probe, Phoenix  
  58  4:28  Probe  
  64  4:40  Probe  
  64  4:44  Pylon  
  65  4:50  Nexus  
  65  4:51  Probe  
  66  4:53  Probe  
  67  5:04  Probe  
  67  5:05  Probe  
  67  5:09  Twilight Council  
  67  5:10  Forge  
  67  5:12  Phoenix  
  67  5:16  Blink  
  67  5:18  Stalker x2  
  71  5:23  Probe  
  71  5:25  Stalker  
  71  5:27  Probe  
  75  5:33  Pylon  
  75  5:35  Probe  
  76  5:44  Probe  
  78  5:50  Probe  
  78  5:51  Protoss Ground Weapons Level 1  
  78  6:00  Stalker x3  
  76  6:05  Robotics Facility  
  76  6:06  Probe  
  76  6:08  Gateway  
  77  6:12  Probe  
  77  6:13  Gateway  
  77  6:14  Probe, Shield Battery  
  80  6:18  Probe  
  80  6:24  Probe  
  81  6:25  Gateway  
  81  6:26  Probe  
  81  6:28  Stalker x2  
  81  6:30  Probe  
  87  6:34  Stalker  
  87  6:36  Probe  
  87  6:37  Assimilator  
  87  6:38  Assimilator  
  87  6:39  Probe  
  91  6:40  Probe, Gateway  
  91  6:44  Probe  
  91  6:46  Gateway  
  92  6:50  Probe  
  92  6:51  Probe  
  92  6:52  Stalker x2  
  98  6:57  Observer  
  98  7:00  Probe, Robotics Bay  
  100  7:04  Pylon  
  101  7:16  Probe  
  101  7:20  Probe  
  101  7:24  Probe  
  101  7:25  Charge  
  101  7:26  Robotics Facility  
  101  7:27  Immortal  
  106  7:33  Nexus  
  106  7:35  Pylon  
  106  7:54  Probe  
  107  8:04  Zealot x3  
  107  8:05  Zealot x2  
  117  8:07  Pylon  
  117  8:08  Pylon  
  117  8:10  Pylon  
  115  8:20  Probe  
  115  8:24  Disruptor x2, Probe  
  123  8:27  Pylon  
  123  8:28  Pylon  
  123  8:29  Pylon  
  123  8:31  Stargate  
  123  8:33  Zealot x4, Fleet Beacon  
  123  8:34  Zealot x4  
  139  8:35  Pylon  
  139  8:38  Pylon  
  139  8:39  Probe x2  
  141  8:45  Probe  
  141  8:47  Probe  
  143  9:00  Colossus x2  
  155  9:06  Zealot x2  
  155  9:07  Zealot x5  
  155  9:08  Probe  
  170  9:13  Assimilator  
  170  9:16  Assimilator  
  170  9:19  Tempest  
  170  9:21  Tempest  
  180  9:33  Probe  
  180  9:37  Zealot x8  
  193  9:55  Pylon  
  193  9:57  Pylon  
  193  10:09  Stalker x4  
  193  10:10  Stalker x4  
Show
View Real Time Build Order
Export as new Build Order

MilkiCow Terran 

Build Orders: Reaper Expand, Mech 

Get SALT Encoding   

  12  0:00  SCV  
  13  0:13  SCV  
  14  0:17  Supply Depot  
  14  0:25  SCV  
  15  0:38  SCV  
  15  0:40  Barracks  
  16  0:43  Refinery  
  16  0:50  SCV  
  17  1:02  SCV  
  18  1:15  SCV  
  19  1:27  Reaper  
  19  1:28  Orbital Command  
  20  1:45  Command Center  
  20  1:53  SCV  
  21  1:54  Supply Depot  
  21  1:59  Marine  
  22  2:05  SCV  
  23  2:13  Factory  
  23  2:17  SCV  
  23  2:19  Barracks Tech Lab  
  24  2:25  Refinery  
  24  2:29  SCV  
  25  2:41  SCV  
  26  2:53  SCV  
  26  2:56  Barracks Reactor  
  26  2:57  Command Center  
  27  3:02  Cyclone  
  29  3:08  SCV  
  30  3:16  Orbital Command  
  30  3:20  SCV  
  31  3:32  Marine x2, SCV  
  34  3:37  Cyclone  
  37  3:41  SCV  
  38  3:49  SCV  
  38  3:52  Marine x2  
  41  3:57  Starport  
  41  4:01  SCV  
  42  4:03  Mag-Field Accelerator  
  42  4:07  Refinery  
  42  4:10  SCV  
  42  4:13  Cyclone  
  42  4:16  SCV  
  47  4:20  Orbital Command  
  47  4:24  Refinery  
  47  4:25  Marine  
  47  4:26  Marine  
  47  4:29  SCV  
  50  4:31  SCV  
  50  4:37  Viking  
  53  4:41  SCV  
  53  4:43  SCV  
  55  4:46  Cyclone  
  55  4:47  SCV  
  55  4:48  Orbital Command  
  55  4:52  Supply Depot  
  59  4:53  SCV  
  59  4:54  Marine  
  59  4:57  Marine  
  61  5:09  SCV  
  61  5:12  Marine  
  60  5:20  Orbital Command  
  60  5:21  SCV  
  60  5:22  SCV  
  60  5:23  Marine  
  63  5:29  Cyclone  
  63  5:30  Marine  
  63  5:31  Factory  
  63  5:34  SCV  
  68  5:41  SCV  
  69  5:43  Refinery  
  69  5:44  Marine  
  69  5:46  Refinery, SCV  
  69  5:48  Marine  
  69  5:49  SCV  
  69  5:53  SCV  
  69  5:58  SCV  
  66  6:04  SCV  
  66  6:07  SCV  
  66  6:10  SCV  
  69  6:16  Supply Depot  
  69  6:17  SCV, Cyclone, Supply Depot  
  75  6:19  SCV  
  75  6:22  SCV  
  75  6:27  Armory  
  75  6:28  Armory  
  75  6:29  SCV  
  75  6:31  SCV  
  76  6:35  SCV  
  76  6:38  Hellion x2  
  81  6:41  Supply Depot  
  81  6:45  SCV  
  82  6:49  Marine  
  82  6:50  SCV  
  82  6:52  Factory  
  82  6:53  SCV  
  85  6:54  Factory x2  
  85  6:58  SCV  
  86  7:02  SCV  
  86  7:04  Supply Depot  
  86  7:05  SCV  
  88  7:10  SCV, Cyclone  
  88  7:14  SCV  
  91  7:18  SCV  
  91  7:20  Marine  
  94  7:22  SCV  
  94  7:24  Terran Vehicle Weapons Level 1, Hellion x2  
  94  7:25  Terran Vehicle And Ship Armor Level 1  
  94  7:26  SCV  
  99  7:34  SCV x2  
  101  7:37  Factory x2  
  101  7:43  SCV  
  98  7:44  Siege Tank, Factory Tech Lab  
  98  7:45  Factory Tech Lab  
  98  7:46  Factory Tech Lab  
  98  7:47  SCV  
  98  7:48  SCV  
  100  7:55  SCV  
  100  7:59  SCV  
  100  8:00  SCV  
  97  8:06  Siege Tank x3  
  97  8:07  SCV  
  97  8:11  SCV  
  109  8:13  Hellion  
  109  8:14  Hellion  
  109  8:16  Siege Tank  
  109  8:18  Supply Depot  
  109  8:20  Supply Depot  
  109  8:21  Supply Depot  
  109  8:23  Factory Tech Lab x2  
  109  8:24  SCV  
  109  8:25  SCV  
  110  8:30  SCV  
  109  8:36  SCV  
  109  8:38  Siege Tank, Hellion x2  
  109  8:39  Siege Tank  
  109  8:40  Supply Depot, Hellion  
  122  8:42  Hellion  
  122  8:43  Supply Depot  
  122  8:46  Siege Tank  
  127  8:49  Hellion  
  128  8:58  Supply Depot  
  128  8:59  Hellion x2, Supply Depot  
  128  9:01  Siege Tank  
  134  9:07  Engineering Bay  
  134  9:10  Siege Tank  
  134  9:11  Hellion  
  134  9:12  Hellion  
  143  9:27  Hellion  
  143  9:30  Hellion  
  141  9:34  SCV  
  142  9:39  Cyclone x2  
  142  9:40  Widow Mine  
  142  9:42  Widow Mine  
  143  10:06  Missile Turret  
  132  10:07  Missile Turret  
  132  10:08  Missile Turret  
  132  10:09  Missile Turret  
  132  10:10  Missile Turret  
Tags
 
Add a new tag
Caveats
  • Supply blocks, unpowered buildings, or Contaminate may cause inaccurate times.
  • Supply counts are checked every 10 seconds.